 Dungeon Crawl Stone Soup version 0.27-a0-1502-g47ed6a6988 (webtiles) character file.

Game seed: 935616990245551229

1185 wakim the Digger (level 8, -3/46 HPs)
             Began as a Gargoyle Earth Elementalist on July 9, 2021.
             Killed by divine providence
             ... invoked by an orc priest
              (13 damage)
             ... on level 6 of the Dungeon.
             The game lasted 00:18:21 (7589 turns).

wakim the Digger (Gargoyle Earth Elementalist)      Turns: 7589, Time: 00:18:22

Health: -3/46      AC:  8    Str: 12    XL:     8   Next: 42%
Magic:  2/11       EV: 12    Int: 18    God:
Gold:   158        SH: 10    Dex: 10    Spells: 6/11 levels left

rFire    . . .     SeeInvis .   b - staff of earth
rCold    . . .     Faith    .   k - +1 buckler
rNeg     + . .     Spirit   .   e - +0 robe
rPois    ∞         Reflect  +   c - +1 hat
rElec    +         Harm     .   (no cloak)
rCorr    .         Rampage  .   (no gloves)
Will     .....                  (no boots)
Stlth    ++........             g - amulet of reflection
HPRegen  0.15/turn              (no ring)
MPRegen  0.12/turn              (no ring)

@: no status effects
A: sickness immunity, AC +5, negative energy resistance 1, electricity
resistance, torment resistance 1, petrification resistance
a: no special abilities


You were on level 6 of the Dungeon.
You visited 1 branch of the dungeon, and saw 6 of its levels.

You collected 158 gold pieces.

Inventory:

Missiles
 s - 165 stones
Armour
 c - a +1 hat (worn)
 e - a +0 robe (worn)
 k - a +1 buckler (worn)
Magical Staves
 a - a staff of cold
 b - a staff of earth (weapon)
Jewellery
 g - an amulet of reflection (around neck)
Scrolls
 o - a scroll of enchant armour
 T - a scroll of teleportation
 X - a scroll of fog
Potions
 d - a potion of brilliance {unknown}
 f - a potion of mutation {unknown}
 h - 2 potions of might {unknown}
 l - 2 potions of magic {unknown}
 m - a potion of flight {unknown}
 n - a potion of cancellation {unknown}
 F - 3 potions of curing
 L - 4 potions of lignification {!q}


   Skills:
 - Level 3.0 Fighting
 - Level 3.0 Staves
 + Level 2.1 Dodging
 - Level 4.0 Stealth
 - Level 4.0 Shields
 * Level 2.4 Spellcasting
 - Level 3.0 Conjurations
 - Level 0.7 Transmutations
 + Level 3.1 Fire Magic
 + Level 5.6 Earth Magic
 - Level 3.0 Evocations


You had 6 spell levels left.
You knew the following spells:

 Your Spells              Type           Power      Damage    Failure   Level
a - Sandblast             Erth           66%        2d15      1%          1
b - Foxfire               Conj/Fire      52%        2x1d6     4%          1
x - Stone Arrow           Conj/Erth      52%        3d10      9%          3

Your spell library contained the following spells:

 Spells                   Type           Power      Damage    Failure   Level
 Magic Dart               Conj           48%        1d5       4%          1
 Passwall                 Tmut/Erth      16%        N/A       7%          2
 Searing Ray              Conj           24%        3d4       8%          2
 Beastly Appendage        Tmut           8%         N/A       13%         1
 Conjure Flame            Conj/Fire      13%        6-21      14%         3
 Sting                    Tmut/Pois      12%        1d3       16%         1
 Wereblood                Tmut           4%         N/A       21%         2
 Poisonous Vapours        Pois/Air       4%         N/A       26%         2
 Inner Flame              Hex/Fire       7%         N/A       26%         3
 Spider Form              Tmut/Pois      1%         N/A       41%         3
 Petrify                  Tmut/Erth      20%        N/A       43%         4
 Fulminant Prism          Conj/Hex       3%         3d6       67%         4
 Olgreb's Toxic Radiance  Pois           2%         N/A       86%         4
 Chain Lightning          Conj/Air       3%         3d4       100%        9
 Fire Storm               Conj/Fire      6%         8d2       100%        9


Dungeon Overview and Level Annotations

Branches:
Dungeon (6/15)
 Temple: D:4-7

Altars:
Gozag
Nemelex Xobeh


Innate Abilities, Weirdness & Mutations

You are immune to sickness and miasma.
Your stone body is resilient. (AC +5)
You are immune to poison.
You resist negative energy. (rN+)
You are resistant to electric shocks. (rElec)
You are resistant to unholy torment.
You are immune to petrification.


Message History

You conjure some foxfire!
The foxfire hits something.
An adder comes into view.
The orc priest calls down the wrath of Beogh upon you.
Beogh smites you!
You conjure some foxfire!
The foxfire hits something but does no damage. x2
You block the orc's attack.
The orc hits your foxfire with a +0 hand axe.
Something hits you but does no damage.
The orc priest invokes the aid of Beogh against you.
Beogh smites you!
Unknown command.
The foxfire hits the orc.
The orc is almost dead.
The foxfire hits something but does no damage.
The orc closely misses you.
Your magical contamination has completely faded away.
The orc priest calls upon Beogh to heal the orc.
The orc is healed somewhat.
You hit the orc but do no damage.
The orc is lightly wounded.
The orc hits you but does no damage.
You barely miss the orc.
The orc is lightly wounded.
You block the orc's attack.
Unknown command.
The orc priest mumbles some strange prayers to Beogh against you.
Beogh smites you!
* * * LOW HITPOINT WARNING * * *
It was a potion of curing.
You feel better.
F - 3 potions of curing The orc priest mumbles some strange prayers to Beogh against you.
Beogh smites you!
* * * LOW HITPOINT WARNING * * *
You hear some strange, mumbled words.
Something tries to affect you, but you resist.
The orc closely misses you.
The orc priest calls down the wrath of Beogh upon you.
Beogh smites you!
You die...

#.....#
###.....#
........#
#####...##
##...###
#.....###
###.....#
###...#
##@.# #.o#
#.## #{#
#S# #.##
#o.# .
##..#
...####...#


You could see an orc priest, an adder and an orc.

Vanquished Creatures
  An ice beast (D:5)
  A necrophage (D:5)
  2 ogres (D:5)
  A centaur (D:5)
  Blork the orc (D:4)
  A phantom (D:5)
  3 scorpions
  A water moccasin skeleton (D:6)
  A jelly (D:4)
  An orc priest (D:4)
  2 bullfrog skeletons
  A centaur skeleton (D:6)
  An orc wizard (D:5)
  A hound skeleton (D:4)
  7 gnolls
  6 adders
  An adder skeleton (D:4)
  A worm (D:2)
  7 orcs
  8 endoplasms
  3 giant cockroaches
  6 goblins
  11 hobgoblins
  8 jackals
  8 quokkas
  4 ball pythons
  7 bats
  3 frilled lizards
  11 kobolds
  A rat (D:1)
110 creatures vanquished.

Vanquished Creatures (others)
  141 foxfires
  4 fungi (D:2)
  7 plants (D:2)
152 creatures vanquished.

Grand Total: 262 creatures vanquished

Notes
Turn   | Place    | Note
-------+----------+-------------------------------------------
     0 | D:1      | wakim the Gargoyle Earth Elementalist began the quest for
                  | the Orb.
     0 | D:1      | Reached XP level 1. HP: 10/10 MP: 3/3
   555 | D:1      | Reached XP level 2. HP: 10/15 MP: 1/5
   710 | D:1      | Reached skill level 4 in Earth Magic
  1283 | D:2      | Reached XP level 3. HP: 9/19 MP: 3/6
  1467 | D:2      | Learned a level 3 spell: Stone Arrow
  1618 | D:2      | Reached skill level 1 in Staves
  1967 | D:2      | Found an opulent altar of Gozag.
  2154 | D:2      | Reached XP level 4. HP: 24/24 MP: 4/7
  2876 | D:2      | Found a faded altar of an unknown god.
  3499 | D:3      | Reached skill level 5 in Earth Magic
  3704 | D:3      | Reached XP level 5. HP: 22/28 MP: 1/8
  4993 | D:3      | Learned a level 1 spell: Foxfire
  5005 | D:4      | Reached skill level 1 in Fire Magic
  5127 | D:4      | Noticed Blork the orc
  5405 | D:4      | Reached skill level 1 in Conjurations
  5405 | D:4      | Reached XP level 6. HP: 21/32 MP: 5/9
  5929 | D:4      | Found a sparkling altar of Nemelex Xobeh.
  6187 | D:4      | Killed Blork the orc
  6278 | D:5      | Entered Level 5 of the Dungeon
  6334 | D:5      | Reached XP level 7. HP: 36/36 MP: 7/10
  6370 | D:5      | Reached skill level 1 in Shields
  6568 | D:5      | Reached skill level 1 in Evocations
  6642 | D:5      | Reached skill level 1 in Fighting
  6970 | D:5      | Reached XP level 8. HP: 44/44 MP: 8/11
  7589 | D:6      | Killed from afar by an orc priest

Illustrated notes

Levels and vault maps discovered:
D:1:      lightli_arrival_statue_moat, layout_basic
D:2:      layout_loops_corners, basic_altar,
          dreamdust_ecumenical_altar_hidden_monk_grotto, st_stairs_13,
          minmay_tromino_v4_a
D:3:      layout_loops_ring, grunt_ministairs_15
D:4:      layout_loops_cross, mainiacjoe_overflow_tiny_flanked,
          uniq_blork_the_orc
D:5:      layout_gridville
D:6:      layout_layer_cave, minitemple, hangedman_abyss_or_decor_stagger,
          uniq_edmund

Skill      XL: |  1  2  3  4  5  6  7  8 |
---------------+-------------------------+-----
Earth Magic    | 4 5 |  5.6
Staves         | 1 2 3 |  3.0
Stealth        | 3 4 |  4.0
Fire Magic     | 1 2 3 |  3.1
Conjurations   | 1 2 3 |  3.0
Shields        | 3 4 |  4.0
Evocations     | 2 3 |  3.0
Fighting       | 2 3 |  3.0
Dodging        | 2 |  2.1
Spellcasting   | |  2.4
Transmutations | |  0.7

Action                   |  1- 3 |  4- 6 |  7- 9 || total
-------------------------+-------+-------+-------++-------
Melee: Unarmed           |    15 |       |       ||    15
       Dagger            |    13 |       |       ||    13
       Staff             |    59 |   206 |    12 ||   277
 Cast: Sandblast         |    17 |    12 |    13 ||    42
       Stone Arrow       |       |    18 |     4 ||    22
       Foxfire           |       |    32 |    47 ||    79
  Use: Scroll            |       |     5 |     2 ||     7
       Potion            |       |       |     1 ||     1
 Stab: Sleeping          |     4 |     2 |       ||     6
       Distracted        |       |     1 |       ||     1
Armor: Robe              |    31 |    82 |    22 ||   135
Dodge: Dodged            |    60 |   145 |    28 ||   233
Block: Other             |       |    27 |     6 ||    33
       Buckler           |       |       |     5 ||     5

Table legend: (Time is in decaauts)
 A = Elapsed time spent in this place.
 B = Non-inter-level travel time spent in this place.
 C = Inter-level travel time spent in this place.
 D = Time resting spent in this place.
 E = Time spent auto-exploring this place.
 F = Levels seen in this place.
 G = Mean time per level.
                   A        B        C        D        E       F      G
               +--------+--------+--------+--------+--------+-----+--------+
         Total |   7625 |   7398 |    227 |    330 |   5792 |   6 | 1270.8 |
       Dungeon |   7625 |   7398 |    227 |    330 |   5792 |   6 | 1270.8 |
               +--------+--------+--------+--------+--------+-----+--------+

Top non-repeatable levels by time:
     D:2: 2256 daAuts
     D:3: 1500 daAuts
     D:1: 1328 daAuts
     D:4: 1228 daAuts
     D:5: 1150 daAuts
     D:6: 161 daAuts
